 Dungeon Crawl Stone Soup version 0.16-a0-113-gc8d9654 (webtiles) character file.

129 Deemzul the Sneak (level 5, 0/36 HPs)
             Began as an Octopode Monk on Aug 11, 2014.
             Was a Believer of Dithmenos.
             Slain by Grinder (4 damage)
             ... while paralysed by Grinder
             ... on Level 3 of the Dungeon.
             The game lasted 00:02:12 (1484 turns).

Deemzul the Sneak (Octopode Monk)                   Turns: 1484, Time: 00:02:13

HP   0/36        AC  1     Str 10      XL: 5   Next: 12%
MP   5/5         EV  2     Int 13      God: Dithmenos [**....]
Gold 122         SH  0     Dex 15      Spells:  0 memorised,  4 levels left

rFire  . . .     SeeInvis +       - Unarmed
rCold  . . .     Clarity  .     (no shield)
rNeg   . . .     rCorr    .     (helmet restricted)
rPois  .         rRot     .     (no amulet)
rElec  .         Spirit   .     d - ring of flight
SustAb .         Warding  .     q - ring of see invisible
rMut   .         Stasis   .     (no ring)
Gourm  .                        (no ring)
MR     .....                    (no ring)
                                (no ring)
                                (no ring)
                                (no ring)

@: paralysed, wreathed by umbra, not resistant to hostile enchantments, stealthy
A: almost no armour, amphibious, 8 rings, constrict 8, camouflage 1, gelatinous
body 1
a: Shadow Step, Renounce Religion, Evoke Flight


You were on level 3 of the Dungeon.
You worshipped Dithmenos.
Dithmenos was pleased with you.
You were not hungry.

You visited 2 branches of the dungeon, and saw 5 of its levels.

You collected 122 gold pieces.

Inventory:

Comestibles
 a - a meat ration
 b - 3 bread rations
 o - a royal jelly
 s - 3 fruits
Scrolls
 c - 2 scrolls of magic mapping {unknown}
 e - a scroll of recharging {unknown}
 f - a scroll of noise {unknown}
 h - 2 scrolls of fear {unknown}
 j - a scroll of enchant armour {unknown}
 l - 4 scrolls of teleportation {unknown}
 n - a scroll of fog {unknown}
 p - a scroll of blinking {unknown}
 r - 2 scrolls of identify {unknown}
Jewellery
 d - a ring of flight (left tentacle)
 q - a ring of see invisible (right tentacle)
Potions
 g - a potion of brilliance {unknown}
 i - 2 potions of agility {unknown}
 k - 2 potions of degeneration {unknown}
 m - a potion of curing {unknown}


   Skills:
 + Level 3.5 Fighting
 + Level 3.4 Dodging
 * Level 5.0 Stealth
 * Level 4.8 Unarmed Combat


You had 4 spell levels left.
You didn't know any spells.

Dungeon Overview and Level Annotations

Branches:
Dungeon (4/15)             Temple (1/1) D:4

Altars:
Dithmenos
Gozag
Makhleb
Nemelex Xobeh
Xom
Yredelemnul

Annotations:
D:3 Grinder


Innate Abilities, Weirdness & Mutations

You cannot wear most types of armour.
You are amphibious.
You can wear up to eight rings at the same time.
You can use your tentacles to constrict many enemies at once.
Your skin changes colour to match your surroundings (Stealth).
Your rubbery body absorbs attacks (AC +1).


Message History

Grinder completely misses you.
Grinder is nearby!
You tentacle-slap Grinder.
Grinder is heavily wounded.
You constrict Grinder. Grinder barely misses you.
Grinder is nearby!
You tentacle-slap Grinder.
Grinder is heavily wounded.
You constrict Grinder. Grinder gestures at you.
You suddenly lose the ability to move!
You lose your grip on Grinder.
Grinder hits you.
You writhe in agony.
Grinder drinks a potion.
Grinder is healed!
Grinder hits you!
You writhe in agony.
Grinder hits you.
You writhe in agony.
Grinder says, "You look like you could use a good racking."
Grinder hits you!
* * * LOW HITPOINT WARNING * * *
You writhe in agony.
You die...

... #.... ###....
....... #.#...# .
#.#.#.# .#
#.#.#.###.#
#5#.#..##.##
#.#.#.#@#....<...+
...........)...#.##
........#####.#.#
##+###.## #...# #.
##..# #########..#
.....(...>#
##########


You could see Grinder.

Vanquished Creatures
  A scorpion (D:4)
  A giant mite (D:2)
  3 worms
  A giant gecko (D:1)
  An orc (D:3)
  6 bats
  2 giant cockroaches
  3 goblins
  8 hobgoblins
  2 ball pythons
  3 giant newts (D:1)
  8 kobolds
  12 rats
51 creatures vanquished.

Notes
Turn   | Place    | Note
--------------------------------------------------------------
     0 | D:1      | Deemzul, the Octopode Monk, began the quest for the Orb.
     0 | D:1      | Reached XP level 1. HP: 16/16 MP: 1/1
    90 | D:1      | Reached XP level 2. HP: 17/21 MP: 2/2
   425 | D:1      | Reached XP level 3. HP: 23/26 MP: 3/3
  1043 | D:2      | Reached XP level 4. HP: 21/31 MP: 4/4
  1101 | D:2      | You fall through a shaft for 2 floors!
  1113 | D:4      | Found a staircase to the Ecumenical Temple.
  1125 | Temple   | Entered the Ecumenical Temple
  1227 | Temple   | Became a worshipper of Dithmenos the Shadowed
  1227 | Temple   | Acquired Dithmenos' first power
  1279 | D:4      | Reached XP level 5. HP: 12/36 MP: 5/5
  1468 | D:3      | Reached skill level 5 in Stealth
  1473 | D:3      | Noticed Grinder
  1479 | D:3      | Paralysed by Grinder for 5 turns
  1484 | D:3      | Slain by Grinder

Action                   |  1- 3 |  4- 6 || total
-------------------------+-------+-------++-------
Melee: Unarmed           |    89 |    39 ||   128
 Stab: Sleeping          |    10 |     6 ||    16
  Eat: Chunk             |       |     2 ||     2
